 Dungeon Crawl Stone Soup version 0.31-a0-466-g98c9adc2b6 (webtiles) character file.

Game seed: 14423456594363146965

49 MisterAzrael the Changeling (level 3, -10/32 HPs)
             Began as a Troll Shapeshifter on Aug 6, 2023.
             Killed by nerve-wracking pain
             ... invoked by Grinder
              (12 damage)
             ... on level 3 of the Dungeon.
             The game lasted 00:01:12 (623 turns).

MisterAzrael the Changeling (Troll Shapeshifter)     Turns: 623, Time: 00:01:13

Health: -10/32     AC:  4    Str: 25    XL:     3   Next: 53%
Magic:  2/2        EV:  9    Int:  4    God:
Gold:   118        SH:  0    Dex: 10    Spells: 2/2 levels left

rFire   . .          .
                       - Unarmed
rCold   . . .        (no shield)
rNeg    . . .        a - +0 animal skin
rPois   .            (helmet currently unavailable)
rElec   .            (cloak currently unavailable)
rCorr   .            (gloves unavailable)
SInv    .            (boots unavailable)
Will    .....        (no amulet)
Stlth   +            (no ring)
HPRegen 1.05/turn    (no ring)
MPRegen 0.08/turn

%: no passive effects
@: beast-form
A: beast (slay +2), large, unfitting armour, claws 3, regeneration 1, shaggy fur
1, tough skin 1
a: Begin Untransformation


You were on level 3 of the Dungeon.
You were a hulking beast.
You visited 1 branch of the dungeon, and saw 3 of its levels.

You collected 118 gold pieces.

Inventory:

Armour
 a - a +0 animal skin (worn)
Talismans
 c - a beast talisman (active)
Scrolls
 d - a scroll of enchant weapon {unknown}
 f - 2 scrolls of vulnerability {unknown}
 i - a scroll of immolation {unknown}
 j - a scroll of brand weapon {unknown}
 k - a scroll of revelation {unknown}
Potions
 b - a potion of lignification
 e - a potion of curing {unknown}
 g - a potion of enlightenment {unknown}
 h - a potion of mutation {unknown}


   Skills:
 - Level 0.7 Fighting
 - Level 1.5 Dodging
 + Level 3.6 Unarmed Combat
 * Level 3.8 Shapeshifting


You had 2 spell levels left.
You didn't know any spells.
Your spell library was empty.

Dungeon Overview and Level Annotations

Branches:
Dungeon (2/15)

Altars:

Annotations:
D:3 Grinder


Innate Abilities, Weirdness & Mutations

You are a hulking beast.
Your limbs bulge with bestial killing power. (Slay +2)
You are too large for most types of armour.
You have claws for hands.
Your natural rate of healing is unusually fast.
You are covered in fur. (AC +1)
You have tough skin. (AC +1)


Message History

You see here a +0 club.
No target in view!
No target in view!
No target in view!
No target in view!
The orc shouts!
You hear a shout!
A dart slug comes into view.
There are monsters nearby!
You claw the dart slug!
You kill the dart slug!
Grinder comes into view.
The orc closely misses you.
You claw the orc!
You kill the orc!
Grinder gestures at you.
You barely resist.
Things that are here:
a +0 club; 30 gold pieces; an orc corpse You barely miss Grinder.
Grinder hits you but does no damage.
You closely miss Grinder. You claw Grinder, but do no damage.
You closely miss Grinder. Grinder hits you.
You writhe in agony.
You closely miss Grinder. Grinder hits you!
You writhe in agony.
You scratch Grinder.
Grinder is lightly wounded.
Grinder hits you!
You writhe in agony.
* * * LOW HITPOINT WARNING * * *
You scratch Grinder.
Grinder is moderately wounded.
Grinder hits you but does no damage.
You closely miss Grinder.
Grinder is moderately wounded.
Grinder hits you.
* * * LOW HITPOINT WARNING * * *
You writhe in agony.
* * * LOW HITPOINT WARNING * * *
You closely miss Grinder.
Grinder is moderately wounded.
Grinder gestures at you. Pain shoots through your body!
You die...

#.# #.# #.#
#.### #...#
###.# ##### #.##
#... #..# ##.##
##.######.h5##
#....)#.)≈..#.
#####...§≈§§....
###..≈§.#....
##§§§## ...
##.## ## #...
#####


You could see Grinder.

Vanquished Creatures
  3 dart slugs
  An orc (D:3)
  5 ball pythons (D:1)
  4 endoplasms
  4 giant cockroaches (D:1)
  A goblin (D:1)
  5 hobgoblins (D:1)
  7 kobolds
  A quokka (D:1)
  A bat (D:1)
  2 frilled lizards
  4 rats
38 creatures vanquished.

Notes
Turn   | Place    | Note
-------+----------+-------------------------------------------
     0 | D:1      | MisterAzrael the Troll Shapeshifter began the quest for the
                  | Orb.
     0 | D:1      | Reached XP level 1. HP: 18/18 MP: 0/0
   106 | D:1      | Reached XP level 2. HP: 26/26 MP: 1/1
   252 | D:1      | Reached XP level 3. HP: 32/32 MP: 2/2
   574 | D:2      | You fall into a shaft and drop 1 floor!
   612 | D:3      | Noticed Grinder
   622 | D:3      | HP: 1/32 [Grinder (2)]
   623 | D:3      | Killed from afar by Grinder

Illustrated notes

Levels and vault maps discovered:
D:1:      lemuel_arrival_river_passageway, layout_rooms
D:2:      layout_rooms
D:3:      layout_rooms, xom_teletrap_fun, gup_sewer_entry_spiral,
          amcnicky_mini_pool_small, uniq_natasha, uniq_grinder

Action                     || total
---------------------------++-------
  Melee: Unarmed           ||    94
         Punch             ||     2
   Stab: Sleeping          ||     2
 Armour: Animal skin       ||    27
  Dodge: Dodged            ||    35

Table legend: (Time is in decaauts)
 A = Elapsed time spent in this place.
 B = Non-inter-level travel time spent in this place.
 C = Inter-level travel time spent in this place.
 D = Time resting spent in this place.
 E = Time spent auto-exploring this place.
 F = Levels seen in this place.
 G = Mean time per level.
                   A        B        C        D        E       F      G
               +--------+--------+--------+--------+--------+-----+--------+
         Total |    617 |    609 |      8 |      0 |    418 |   3 |  205.7 |
       Dungeon |    617 |    609 |      8 |      0 |    418 |   3 |  205.7 |
               +--------+--------+--------+--------+--------+-----+--------+

Top non-repeatable levels by time:
     D:1: 542 daAuts
     D:3: 48 daAuts
     D:2: 26 daAuts
